 Dungeon Crawl Stone Soup version 0.19-a0-1167-g79b6552 (webtiles) character file.

58 Jmtri7 the Skirmisher (level 3, 0/30 HPs)
             Began as a Demonspawn Gladiator on Aug 15, 2016.
             Slain by a worm (10 damage)
             ... on level 2 of the Dungeon.
             The game lasted 00:03:34 (998 turns).

Jmtri7 the Skirmisher (Demonspawn Gladiator)         Turns: 998, Time: 00:03:34

Health: 0/30       AC:  4    Str: 15    XL:     3   Next: 75%
Magic:  3/3        EV: 14    Int:  9    God:
Gold:   70         SH:  3    Dex: 14    Spells: 0 memorised, 2 levels left

rFire  . . .     SeeInvis .     a - +0 long sword
rCold  . . .     Gourm    .     b - +0 leather armour
rNeg   . . .     Faith    .     (no shield)
rPois  .         Spirit   .     c - +0 helmet
rElec  .         Dismiss  .     (no cloak)
rCorr  .         Reflect  +     (no gloves)
MR     .....     Harm     .     (no boots)
Stlth  +.........               o - +3 amulet of reflection
                                (no ring)
                                (no ring)

@: no status effects
A: repulsion field 1
a: no special abilities


You were on level 2 of the Dungeon.
You were hungry.

You visited 1 branch of the dungeon, and saw 2 of its levels.

You collected 70 gold pieces.

Inventory:

Hand Weapons
 a - a +0 long sword (weapon)
Missiles
 d - 3 throwing nets (quivered)
Armour
 b - a +0 leather armour (worn)
 c - a +0 helmet (worn)
 h - a +0 hat
Jewellery
 o - a +3 amulet of reflection (around neck)
Scrolls
 e - 2 scrolls of remove curse {unknown}
 j - a scroll of immolation {unknown}
 p - 2 scrolls of magic mapping {unknown}
Potions
 i - a potion of haste {unknown}
 k - a potion of beneficial mutation {unknown}
 n - a potion of flight {unknown}
 q - a potion of magic {unknown}
 r - a potion of curing {unknown}
Comestibles
 f - a bread ration
 g - 2 chunks of flesh
 l - a meat ration
 m - 2 fruits


   Skills:
 + Level 4.1 Fighting
 - Level 2.6 Long Blades
 - Level 1.7 Throwing
 - Level 2.6 Dodging


You had 2 spell levels left.
You didn't know any spells.

Dungeon Overview and Level Annotations

Branches:
Dungeon (2/15)

Altars:
Zin


Innate Abilities, Weirdness & Mutations

You are surrounded by a mild repulsion field. (EV +2)


Message History

The goblin is moderately wounded.
The goblin barely misses you.
You hit the goblin.
You kill the goblin!
The giant cockroach closely misses you.
You slash the giant cockroach!
You kill the giant cockroach!
The worm bites you!
You barely miss the worm.
You are feeling hungry.
The worm bites you.
You barely miss the worm. You hit the worm but do no damage.
The worm bites you!
You hit the worm.
The worm is lightly wounded.
The worm misses you.
You barely miss the worm.
The worm is lightly wounded.
The worm bites you!
You die...

...#......######.............#
##....)...##.....#########>..#
###..........##### #...#
...........### ##.#####
.....###.### #.....#
...<.......## ###### ###.....#
....####.#..## .....###.......#
.....<##.##..####.........#.).[.#
.#..#...........@w....#####.....#
.##.####.##..####.....# #.....#
###.# #.....# .....# #.##.##
###.####..##.## .....# #.##.#
..#..#....##..## ###### #.##.#
.......#.####..## #.##.#
###.##.>........######## #.##.#
#.####.####.#........# #.#..#
#...##.####.##..#....## #.#.##


You could see a worm.

Vanquished Creatures
  Ijyb (D:2)
  A ball python (D:2)
  2 giant cockroaches
  5 goblins
  4 hobgoblins
  A quokka (D:2)
  2 bats
  4 giant newts
  5 kobolds
  8 rats
33 creatures vanquished.

Notes
Turn   | Place    | Note
-------+----------+-------------------------------------------
     0 | D:1      | Jmtri7 the Demonspawn Gladiator began the quest for the Orb.
     0 | D:1      | Reached XP level 1. HP: 16/16 MP: 1/1
   217 | D:1      | Gained mutation: You are surrounded by a mild repulsion field. (EV +2) [demonic ancestry]
   217 | D:1      | Reached XP level 2. HP: 23/23 MP: 2/2
   305 | D:1      | Reached skill level 3 in Fighting
   588 | D:2      | Noticed Ijyb
   606 | D:2      | Killed Ijyb
   606 | D:2      | Reached XP level 3. HP: 27/30 MP: 3/3
   725 | D:2      | Reached skill level 4 in Fighting
   748 | D:2      | Found a glowing silver altar of Zin.
   998 | D:2      | Slain by a worm

Vault maps used:
D:1:      dpeg_arrival_tiny_k, minmay_misc_feat_ornament
D:2:      zin_treasury, kennysheep_vampire_church, uniq_iyjb

Skill      XL: |  1  2  3 |
---------------+----------+-----
Fighting       | 3 4 |  4.1
Long Blades    | |  2.6
Throwing       | |  1.7
Dodging        | |  2.6

Action                   || total
-------------------------++-------
Melee: Long sword        ||   123
 Stab: Sleeping          ||     2
Armor: Leather armour    ||    23
Dodge: Dodged            ||    74
Block: Other             ||     6
